 Dungeon Crawl Stone Soup version 0.27.1-2-g3b301248ec (webtiles) character file.

Game seed: 15002338894442890140

119 ABBCCCDDDD the Sneak (level 5, -1/34 HPs)
             Began as an Octopode Enchanter on Sept 29, 2021.
             Succumbed to a kobold's poison
             ... on level 4 of the Dungeon.
             The game lasted 00:02:50 (3454 turns).

ABBCCCDDDD the Sneak (Octopode Enchanter)           Turns: 3454, Time: 00:02:51

Health: -1/34      AC:  1    Str:  4 (7)  XL:     5   Next: 3%
Magic:  8/8        EV: 13    Int: 16 (19) God:
Gold:   169        SH:  0    Dex: 10 (12) Spells: 2/8 levels left

rFire    . . .     SeeInvis .   a - +1 dagger
rCold    . . .     Faith    .   (no shield)
rNeg     . . .     Spirit   .   (helmet restricted)
rPois    .         Reflect  .   (no amulet)
rElec    .         Harm     .   (no ring)
rCorr    .         Rampage  .   (no ring)
Will     .....                  (no ring)
Stlth    ++++......             (no ring)
HPRegen  0.11/turn              (no ring)
MPRegen  0.11/turn              (no ring)
                                (no ring)
                                (no ring)

@: mighty, lethally poisoned (-1 -> -8), flying
A: almost no armour, amphibious, 8 rings, camouflage 1, gelatinous body 1,
(nimble swimmer 1), tentacles
a: no special abilities


You were on level 4 of the Dungeon.
You visited 1 branch of the dungeon, and saw 4 of its levels.

You collected 169 gold pieces.

Inventory:

Hand Weapons
 a - a +1 dagger (weapon)
Missiles
 b - 8 poisoned darts
Jewellery
 f - an amulet of faith
Scrolls
 c - 2 scrolls of identify {unknown}
 h - a scroll of magic mapping {unknown}
 k - a scroll of blinking {unknown}
 m - a scroll of enchant weapon {unknown}
 n - a scroll of enchant armour {unknown}
 o - a scroll of teleportation {unknown}
 p - a scroll of torment {unknown}
Potions
 d - a potion of magic {unknown}
 e - a potion of mutation {unknown}
 g - a potion of berserk rage {unknown}
 i - a potion of degeneration
 j - 2 potions of flight
 l - a potion of might


   Skills:
 + Level 1.8 Fighting
 + Level 2.2 Short Blades
 - Level 2.0 Dodging
 + Level 5.1 Stealth
 - Level 2.0 Spellcasting
 + Level 3.7 Hexes
 + Level 1.1 Ice Magic


You had 2 spell levels left.
You knew the following spells:

 Your Spells              Type           Power      Damage    Failure   Level
a - Corona                Hex            14%        N/A       4%          1
b - Ensorcelled Hibernat  Hex/Ice        18%        N/A       12%         2
c - Tukima's Dance        Hex            13%        N/A       14%         3

Your spell library contained the following spells:

 Spells                   Type           Power      Damage    Failure   Level
 Static Discharge         Conj/Air       1%         N/A       30%         2
 Confusing Touch          Hex            13%        N/A       14%         3
 Dazzling Flash           Conj/Hex       14%        N/A       28%         3
 Lightning Bolt           Conj/Air       0%         1d11      99%         5
 Maxwell's Capacitive Co  Air            0%         ∞         100%        8


Dungeon Overview and Level Annotations

Branches:
Dungeon (4/15)
 Temple: D:4-7

Altars:
Xom


Innate Abilities, Weirdness & Mutations

You cannot wear most types of armour.
You are amphibious.
You can wear up to eight rings at the same time.
Your skin changes colour to match your surroundings (Stealth+).
Your rubbery body absorbs attacks. (AC +1, EV +1)
((You are camouflaged near water. (Stealth+)))
You have tentacles for arms and can constrict up to eight enemies at once.


Message History

The kobold hits you with a +0 dagger.
You hit the kobold but do no damage.
The kobold is moderately wounded.
You constrict the kobold.
The kobold escapes!
The kobold hits you with a +0 dagger. The kobold hits you with a +0 whip.
You hit the kobold but do no damage. Your grab misses the kobold.
You squeeze the kobold, but do no damage.
The kobold is severely wounded.
The kobold hits you with a +0 dagger. The kobold barely misses you.
The kobold hits you with a +0 dagger. The kobold hits you with a +0 whip.
The kobold hits you with a +0 dagger.
You are too injured to fight recklessly!
You are too injured to fight recklessly!
The kobold closely misses you. The kobold hits you but does no damage.
There is an open gate here.
The kobold throws a poisoned dart.
The poisoned dart hits you.
You are poisoned.
You feel sick.
You feel sick.
The kobold throws a poisoned dart.
The poisoned dart hits you!
You are lethally poisoned!
* * * LOW HITPOINT WARNING * * *
You feel very sick.
It was a potion of flight.
You feel very buoyant.
You fly up into the air.
* * * LOW HITPOINT WARNING * * *
You feel very sick. The kobold barely misses you.
The kobold hits you with a +0 dagger.
* * * LOW HITPOINT WARNING * * *
It was a potion of might.
You feel very mighty all of a sudden.
* * * LOW HITPOINT WARNING * * *
You feel sick. The kobold completely misses you.
The kobold hits you with a +0 dagger.
* * * LOW HITPOINT WARNING * * *
It was a potion of degeneration.
There was something very wrong with that liquid.
You feel weakened.
You feel dopey.
You feel clumsy.
You die...

#...##.####.......†.#
###........#.........<# ##...
#....#.................
....###.......#...[......##..
#...#........#............
#..........###............. #####
#...........#........#....
#.)..###.......K..........)###...
#.....##.#...K.K@<.........# #.#
#......'.#...K.K........
.......'.......###......
.......'..##...# #.....
......##..##...# .....
$....###...#..... ###. #####
#.......... ......#.....
#......##....


You could see 5 kobolds.

Levels and vault maps discovered:
D:1:      lemuel_arrival_room, layout_rooms
D:2:      layout_basic, basic_altar
D:3:      layout_rooms, minmay_misc_feat_rugged, roderic_lattice_a
D:4:      cheibrodos_fertilizer, layout_cave_pools,
          nicolae_yredelemnul_ghost_church, serial_shops, shop

Notes
Turn   | Place    | Note
-------+----------+-------------------------------------------
     0 | D:1      | ABBCCCDDDD the Octopode Enchanter began the quest for the
                  | Orb.
     0 | D:1      | Reached XP level 1. HP: 11/11 MP: 3/3
   127 | D:1      | Reached XP level 2. HP: 18/18 MP: 5/5
   621 | D:1      | Reached skill level 1 in Fighting
   689 | D:1      | Reached XP level 3. HP: 23/23 MP: 6/6
   699 | D:1      | Learned a level 2 spell: Ensorcelled Hibernation
  1242 | D:2      | Found a shimmering altar of Xom.
  1258 | D:2      | You fall into a shaft and drop 1 floor!
  1580 | D:3      | Reached XP level 4. HP: 20/28 MP: 3/7
  2980 | D:3      | Reached skill level 5 in Stealth
  3091 | D:3      | Reached skill level 1 in Ice Magic
  3103 | D:3      | Learned a level 3 spell: Tukima's Dance
  3368 | D:4      | Reached XP level 5. HP: 27/34 MP: 8/8
  3453 | D:4      | HP: 1/34 [kobold (1)]
  3454 | D:4      | Succumbed to a kobold's poison

Table legend: (Time is in decaauts)
 A = Elapsed time spent in this place.
 B = Non-inter-level travel time spent in this place.
 C = Inter-level travel time spent in this place.
 D = Time resting spent in this place.
 E = Time spent auto-exploring this place.
 F = Levels seen in this place.
 G = Mean time per level.
                   A        B        C        D        E       F      G
               +--------+--------+--------+--------+--------+-----+--------+
         Total |   3440 |   3402 |     38 |    632 |   2250 |   4 |  860.0 |
       Dungeon |   3440 |   3402 |     38 |    632 |   2250 |   4 |  860.0 |
               +--------+--------+--------+--------+--------+-----+--------+

Top non-repeatable levels by time:
     D:2: 1449 daAuts
     D:3: 925 daAuts
     D:1: 844 daAuts
     D:4: 221 daAuts

Table legend:
 A = Kills in this place as a percentage of kills in entire the game.
 B = Kills by you in this place as a percentage of kills by you in the entire game.
 C = Kills by friends in this place as a percentage of kills by friends in the entire game.
 D = Other kills in this place as a percentage of other kills in the entire game.
 E = Experience gained in this place as a percentage of experience gained in the entire game.
 F = Experience gained in this place divided by the number of levels of this place that you have seen.
                   A       B       C       D       E      F
               +-------+-------+-------+-------+-------+----------------------
         Total | 100.0 | 100.0 |   N/A |   N/A | 100.0 |  42.5
       Dungeon | 100.0 | 100.0 |   N/A |   N/A | 100.0 |  42.5
               +-------+-------+-------+-------+-------+----------------------

Action                   |  1- 3 |  4- 6 || total
-------------------------+-------+-------++-------
Melee: Dagger            |    89 |    71 ||   160
       Constrict         |    19 |    15 ||    34
       Tentacles         |    15 |     4 ||    19
 Cast: Ensorcelled Hiber |     1 |     5 ||     6
       Corona            |     1 |       ||     1
  Use: Potion            |       |     3 ||     3
 Stab: Sleeping          |    11 |     8 ||    19
Armor: Skin              |     7 |     9 ||    16
Dodge: Dodged            |    46 |    56 ||   102

Vanquished Creatures
  A hound skeleton (D:4)
  3 adders
  2 worms (D:2)
  4 dart slugs
  An orc (D:3)
  5 ball pythons
  5 bats
  5 endoplasms
  4 giant cockroaches
  9 goblins
  2 hobgoblins (D:2)
  4 jackals
  4 kobolds
  2 quokkas
  4 frilled lizards
  5 rats
60 creatures vanquished.

Vanquished Creatures (others)
  4 toadstools (D:4)
4 creatures vanquished.

Grand Total: 64 creatures vanquished
